 Dungeon Crawl Stone Soup version 0.30.1-9-gdf580d7c3d (webtiles) character file.

Game seed: 15381986312876488989

17409 KittyFluff the Protected (level 12, -3/77 HPs)
             Began as a Gargoyle Berserker on Oct 15, 2023.
             Was a High Priest of Trog.
             Killed from afar by a starcursed mass (9 damage)
             ... with an accursed screaming
             ... on level 2 of the Abyss.
             The game lasted 00:57:21 (12589 turns).

KittyFluff the Protected (Gargoyle Berserker)      Turns: 12589, Time: 00:57:22

Health: -3/77      AC: 34    Str: 25    XL:     12   Next: 47%
Magic:  12/12      EV: 12    Int:  9    God:    Trog [*****.]
Gold:   589        SH:  9    Dex:  9    Spells: 11/11 levels left

rFire   . . .        y - +3 flail (holy)
rCold   . . .        F - +2 buckler
rNeg    + . .        Y - +4 scale mail {rPois}
rPois   ∞            Q - +0 helmet
rElec   +            s - +2 cloak {rPois}
rCorr   +            e - +0 pair of gloves
SInv    .            A - +0 pair of boots
Will    ++...        O - amulet of reflection Stlth
                     p - ring of resist corrosion
HPRegen 1.32/turn    H - +4 ring of protection
MPRegen 0.13/turn

%: reflection
@: strong-willed, regenerating
A: sickness immunity, AC +8, negative energy resistance 1, electricity
resistance, torment resistance 1, petrification resistance
a: Renounce Religion, Berserk, Trog's Hand, Brothers in Arms


You were on level 2 of the Abyss.
You worshipped Trog.
Trog was extremely pleased with you.
You visited 2 branches of the dungeon, and saw 13 of its levels.
You visited the Abyss 2 times.

You collected 589 gold pieces.

Inventory:

Hand Weapons
 v - a +0 sling of flaming
 y - a +3 flail of holy wrath (weapon)
 K - a +0 shortbow
 M - a +0 heavy mace
 S - a +0 morningstar
 V - a +5 spectral quarterstaff
Missiles
 i - 25 poisoned darts (quivered)
 j - 13 boomerangs
Armour
 e - a +0 pair of gloves (worn)
 s - a +2 cloak of poison resistance (worn)
 A - a +0 pair of boots (worn)
 B - a +1 leather armour of positive energy
 F - a +2 buckler (worn)
 L - a scarf of invisibility
 P - the +5 ring mail of Wisdom {MP+9 Int+4}
   (You found it on level 7 of the Dungeon)

   Int:       It affects your intelligence (+4).
   MP:        It affects your magic capacity (+9).
 Q - a +0 helmet (worn)
 X - a +3 plate armour
 Y - a +4 scale mail of poison resistance (worn)
 Z - a +0 leather armour of fire resistance
Jewellery
 h - a ring of fire
 p - a ring of resist corrosion (left hand)
 H - a +4 ring of protection (right hand)
 O - an amulet of reflection (around neck)
Wands
 f - a wand of paralysis (6)
 l - a wand of flame (33)
 r - a wand of digging (6)
 T - a wand of mindburst (8)
Scrolls
 a - a scroll of amnesia {unknown}
 b - 2 scrolls of magic mapping {unknown}
 d - 2 scrolls of butterflies {unknown}
 g - 6 scrolls of fear {unknown}
 k - 3 scrolls of teleportation
 n - a scroll of noise {unknown}
 q - 2 scrolls of enchant armour
 C - a scroll of torment
 D - 2 scrolls of poison
 G - 3 scrolls of fog {unknown}
 I - 2 scrolls of immolation {unknown}
 U - a scroll of enchant weapon
Potions
 c - 3 potions of attraction
 m - a potion of flight
 o - 2 potions of might
 t - a potion of resistance
 u - a potion of heal wounds
 w - a potion of invisibility
 x - 2 potions of mutation
 z - 3 potions of cancellation
 E - a potion of lignification
 J - 3 potions of curing
 N - a potion of haste
 R - a potion of magic


   Skills:
 + Level 9.7 Fighting
 * Level 12.1 Maces & Flails
 * Level 12.9 Armour
 + Level 7.1 Dodging


You had 11 spell levels left.
You didn't know any spells.
Your spell library was empty.

Dungeon Overview and Level Annotations

Branches:
Dungeon (12/15)            Temple (0/1) D:6            Lair (1/5) D:9
    Orc (0/2) D:10

Altars:
Cheibriados
Fedhas
Nemelex Xobeh
Qazlal
Ru
Sif Muna
Uskayaw
Wu Jian
The Shining One

Shops:
D:4 [::*   D:5 **:   D:10 *(

Annotations:
Lair:1 Sonja


Innate Abilities, Weirdness & Mutations

You are immune to sickness and miasma.
Your stone body is resilient. (AC +8)
You are immune to poison.
You resist negative energy. (rN+)
You are resistant to electric shocks. (rElec)
You are resistant to unholy torment.
You are immune to petrification.


Message History

The starcursed mass is heavily damaged.
The starcursed mass touches you but does no damage.
You sock the starcursed mass!
The starcursed mass is heavily damaged.
The starcursed mass shudders and is absorbed by its neighbour.
The starcursed mass touches you!
You hit the starcursed mass but do no damage.
The starcursed mass is heavily damaged.
A starcursed mass splits.
A chorus of shrieks assaults your mind.
* * * LOW HITPOINT WARNING * * *
Your skin crawls.
You feel strong-willed.
The starcursed mass touches you but does no damage.
The small abomination closely misses you.
A starcursed mass splits.
A chorus of shrieks assaults your mind.
* * * LOW HITPOINT WARNING * * *
You hit the small abomination.
The small abomination convulses.
The small abomination is lightly damaged.
You hit the small abomination.
The small abomination convulses!
The small abomination is severely damaged.
You block the small abomination's attack.
A chorus of shrieks assaults your mind.
* * * LOW HITPOINT WARNING * * *
You sock the starcursed mass!
The starcursed mass is severely damaged.
The starcursed mass shudders and is absorbed by its neighbour.
You block the small abomination's attack.
You bludgeon the starcursed mass!!
The starcursed mass is almost destroyed.
The starcursed mass shudders and withdraws towards its neighbour.
You thump the small abomination!
The small abomination convulses.
The small abomination is almost destroyed.
The small abomination hits you!
* * * LOW HITPOINT WARNING * * *
You closely miss the small abomination.
The small abomination is almost destroyed.
A chorus of shrieks assaults your mind.
You die...

## X###
##. X
#X### #
#@#...
#x#.#
##.#
#.#....#
#.#.#.#
.# #.##.
# # # ##


You could see 2 starcursed masses and a small abomination.

Vanquished Creatures
  The ghost of SweetJohnnyV the Cleaver, a novice MiBe of Trog (D:9)
  2 two-headed ogres
  A tengu warrior (D:9)
  A phantasmal warrior (Abyss:2)
  An ugly thing (D:9)
  A smoke demon (Abyss:1)
  Joseph (D:10)
  A rime drake (Lair:1)
  3 cane toads
  An ancient zyme (Abyss:2)
  2 hornets
  Grinder (D:5)
  2 shadows
  Sigmund (D:3)
  Eustachio (D:5)
  A wyvern (D:10)
  35 yaks
  Menkaure (D:4)
  A steam dragon (D:9)
  A warg (D:9)
  Edmund (D:4)
  A small abomination (Abyss:1)
  An acid dragon (D:9)
  2 water moccasins
  An ice beast (D:5)
  11 orc warriors
  2 sky beasts
  An ogre (D:5)
  5 centaurs
  A kobold brigand (D:6)
  3 phantoms (D:6)
  5 bullfrogs
  Blork the orc (D:5)
  2 scorpions
  5 wights (D:6)
  14 killer bees (D:9)
  9 howler monkeys
  5 hounds
  3 jellies
  2 gnoll boudas
  9 orc priests
  A sleepcap (D:5)
  Crazy Yiuf (D:2)
  4 iguanas
  Natasha (D:3)
  5 orc wizards
  6 adders
  6 gnolls
  An ufetubus (D:4)
  2 worms
  7 dart slugs
  38 orcs
  11 endoplasms
  2 giant cockroaches
  11 goblins
  11 hobgoblins
  2 jackals (D:2)
  4 quokkas
  9 ball pythons
  11 bats
  2 frilled lizards
  14 kobolds
  4 rats
296 creatures vanquished.

Vanquished Creatures (others)
  2 orc wizards
2 creatures vanquished.

Grand Total: 298 creatures vanquished

Notes
Turn   | Place    | Note
-------+----------+-------------------------------------------
     0 | D:1      | KittyFluff the Gargoyle Berserker began the quest for the
                  | Orb.
     0 | D:1      | Reached XP level 1. HP: 14/14 MP: 1/1
   102 | D:1      | Reached XP level 2. HP: 12/19 MP: 2/2
   362 | D:1      | Reached XP level 3. HP: 16/23 MP: 3/3
   698 | D:1      | Reached ** piety under Trog
   824 | D:2      | Reached XP level 4. HP: 19/29 MP: 4/4
  1447 | D:2      | Found a runed translucent door.
  1448 | D:2      | Noticed Crazy Yiuf
  1456 | D:2      | Killed Crazy Yiuf
  1457 | D:2      | Reached XP level 5. HP: 31/33 MP: 1/5
  1628 | D:3      | HP: 1/33 [adder (2)]
  1634 | D:3      | Found an ornate altar of the Wu Jian Council.
  1690 | D:3      | Noticed Natasha
  1704 | D:3      | Killed Natasha
  2072 | D:3      | Reached XP level 6. HP: 11/38 MP: 6/6
  2220 | D:3      | Noticed Sigmund
  2249 | D:3      | Killed Sigmund
  2249 | D:3      | Reached *** piety under Trog
  2469 | D:3      | Reached skill level 5 in Maces & Flails
  2719 | D:4      | Reached XP level 7. HP: 40/44 MP: 7/7
  2729 | D:4      | Reached skill level 5 in Armour
  2744 | D:4      | Noticed Menkaure
  2835 | D:4      | Killed Menkaure
  3244 | D:4      | Found Hothrest's Armour Shoppe.
  3514 | D:4      | Found a stormy altar of Qazlal.
  3542 | D:4      | Noticed Edmund
  3558 | D:4      | Killed Edmund
  3559 | D:4      | Reached skill level 5 in Fighting
  3565 | D:4      | Reached XP level 8. HP: 21/49 MP: 8/8
  3736 | D:4      | Found Piep's Book Shoppe.
  3795 | D:4      | Found a glowing golden altar of the Shining One.
  3829 | D:4      | Found Xyikhliti's Assorted Antiques.
  4026 | D:4      | Found Yfyitat's Book Shop.
  4141 | D:5      | Entered Level 5 of the Dungeon
  4240 | D:5      | Noticed Eustachio
  4265 | D:5      | Killed Eustachio
  4374 | D:5      | Noticed Blork the orc
  4384 | D:5      | Killed Blork the orc
  4435 | D:5      | Found Usaelazo's Book Emporium.
  4569 | D:5      | Found Nirgh's Book Shoppe.
  4762 | D:5      | Noticed Grinder
  4772 | D:5      | Paralysed by Grinder for 3 turns
  4777 | D:5      | Paralysed by Grinder for 5 turns
  4783 | D:5      | Killed Grinder
  4988 | D:5      | Found Parghash's Assorted Antiques.
  5013 | D:5      | Found Weezuoso's Assorted Antiques.
  5085 | D:5      | Reached XP level 9. HP: 42/55 MP: 9/9
  5114 | D:5      | Reached **** piety under Trog
  5366 | D:6      | Found a hide-covered altar of Uskayaw.
  5366 | D:6      | Found a sacrificial altar of Ru.
  5366 | D:6      | Found a sparkling altar of Nemelex Xobeh.
  5428 | D:6      | Noticed a hornet
  5447 | D:6      | Killed a hornet
  5573 | D:6      | Found a blossoming altar of Fedhas.
  5610 | D:6      | Found a staircase to the Ecumenical Temple.
  6429 | D:7      | Reached XP level 10. HP: 63/63 MP: 10/10
  6691 | D:7      | Identified the +5 ring mail of Wisdom {MP+9 Int+4}
  6873 | D:8      | Reached skill level 5 in Dodging
  7198 | D:8      | Found a shimmering blue altar of Sif Muna.
  7620 | D:8      | Found a snail-covered altar of Cheibriados.
  8084 | D:9      | Noticed a cyan ugly thing
  8104 | D:9      | Reached skill level 10 in Armour
  8106 | D:9      | Noticed a tengu warrior
  8169 | D:9      | Killed a tengu warrior
  8186 | D:9      | Reached ***** piety under Trog
  8354 | D:9      | Reached skill level 10 in Maces & Flails
  8354 | D:9      | Reached XP level 11. HP: 63/68 MP: 11/11
  8403 | D:9      | Killed a cyan ugly thing
  9369 | D:9      | Found a runed translucent gate.
  9369 | D:9      | Found a runed translucent gate.
  9369 | D:9      | Noticed SweetJohnnyV's ghost (novice MiBe)
  9370 | D:9      | Found a runed translucent gate.
  9457 | D:9      | Found a staircase to the Lair.
  9614 | D:9      | Killed SweetJohnnyV's ghost
  9622 | D:9      | HP: 2/103 [orc warrior/+0 trident (7)]
  9948 | D:10     | Entered Level 10 of the Dungeon
  9989 | D:10     | Noticed a two-headed ogre
  9996 | D:10     | Killed a two-headed ogre
 10096 | D:10     | Noticed Joseph
 10109 | D:10     | Killed Joseph
 10134 | D:10     | Found Xogosudu's Lightly-Used Armoury.
 10285 | D:10     | Found Rusomi's Antique Weapon Emporium.
 10313 | D:10     | Found a staircase to the Orcish Mines.
 10906 | D:11     | Noticed a boulder beetle
 10972 | D:11     | Noticed a two-headed ogre
 10978 | D:11     | You fall into a shaft and drop 1 floor!
 11178 | D:11     | Killed a two-headed ogre
 11179 | D:11     | Reached XP level 12. HP: 59/76 MP: 12/12
 11444 | Lair:1   | Entered Level 1 of the Lair of Beasts
 12019 | Lair:1   | Noticed Sonja
 12027 | Lair:1   | Noticed a death yak
 12029 | Lair:1   | Noticed a death yak
 12029 | Lair:1   | Noticed a death yak
 12031 | Lair:1   | Noticed a death yak
 12045 | Abyss:1  | Cast into level 1 of the Abyss (Sonja)
 12138 | Abyss:1  | Found a snail-covered altar of Cheibriados.
 12209 | Lair:1   | Escaped the Abyss
 12435 | Abyss:2  | Cast into level 2 of the Abyss (Sonja)
 12469 | Abyss:2  | Noticed a starcursed mass
 12589 | Abyss:2  | Killed from afar by a starcursed mass

Illustrated notes

Levels and vault maps discovered:
D:1:      psy_arrival_wood_between_worlds, layout_basic,
          shapermc_ecumenical_altar_mp_urbaneastern
D:2:      layout_loops_ring, nrook_mini_backslash, uniq_crazy_yiuf_cottage
D:3:      layout_loops_ring, lemuel_coloured_pillars_altar, uniq_sigmund,
          uniq_natasha
D:4:      layout_gridville, mainiacjoe_overflow_alcove_2,
          nicolae_qazlal_scattered_showers, serial_shops,
          nicolae_lakefront_shop, nicolae_shop_rolling_square,
          nicolae_shop_pleasant_corner_grove, shop_fountains,
          minmay_splitting_lines, minmay_goblin_outpost, uniq_menkaure,
          uniq_edmund
D:5:      layout_basic, serial_shops, shop, nicolae_shop_window_shopping,
          nicolae_book_shop_shelving, nicolae_shop_rolling_square,
          uniq_eustachio, uniq_grinder, uniq_blork_the_orc
D:6:      nicolae_cairo_tiling_large, layout_rooms,
          gammafunk_temple_overflow_claw, lemuel_doored_altar,
          minmay_temple_entry_tees
D:7:      layout_basic, bh_walls_and_bars
D:8:      layout_loops_ring, cheibrodos_worm_habitat, led_sif_pool
D:9:      layout_basic, lair_entry_dummy, biasface_ghost_orc_armoury,
          minmay_mirror_moons_of_madness
D:10:     layout_basic, orc_0_dummy, serial_shops, nicolae_shop_tiny_glass,
          minmay_shop_damaged, uniq_joseph
D:11:     layout_roguey [special_room_orc], ebering_ghost_rock_garden,
          kennysheep_nondescript
D:12:     layout_stronghold, maelrawn_ghost_gauntlet_escape
Lair:1:   layout_loops_ring, roderic_batcave, columned_hall_lemuel,
          lemuel_fruit_fields, serial_bayou_shore_b, uniq_sonja
Abyss:2:  base: D:7, lemuel_flamethrower_3, evilmike_abyss_exit_8,
          gammafunk_corrupted_shrine

Skill      XL: |  1  2  3  4  5  6  7  8  9 10 11 12 |
---------------+-------------------------------------+-----
Armour         | 3 4 5 7 9 10 12 | 12.9
Dodging        | 2 3 4 5 6 7 |  7.1
Maces & Flails | 4 5 7 8 10 11 12 | 12.1
Fighting       | 4 5 6 7 8 9 |  9.7

Action                     |  1- 3 |  4- 6 |  7- 9 | 10-12 || total
---------------------------+-------+-------+-------+-------++-------
  Melee: Mace              |   105 |   199 |    91 |       ||   395
         Punch             |     2 |     3 |     5 |       ||    10
         Flail             |       |       |   282 |   810 ||  1092
  Throw: Dart              |       |       |    10 |     1 ||    11
 Invoke: Berserk           |       |     2 |     3 |     1 ||     6
         Trog's Hand       |       |       |       |     1 ||     1
    Use: Potion            |       |     6 |       |     4 ||    10
         Scroll            |       |     5 |     4 |     8 ||    17
 Armour: Animal skin       |    40 |     1 |       |       ||    41
         Leather armour    |       |   133 |   171 |    12 ||   316
         Ring mail         |       |       |       |   167 ||   167
         Scale mail        |       |       |       |   170 ||   170
  Dodge: Dodged            |    80 |   140 |   199 |   286 ||   705
  Block: Buckler           |       |       |    40 |   308 ||   348
         Reflection        |       |       |       |    12 ||    12
